 Dungeon Crawl Stone Soup version 0.31.0-32-g396128a36d (webtiles) character file.

Game seed: 6402739089116669961

18623 Amplified the Warrior (level 12, -8/121 HPs)
             Began as a Minotaur Fighter on Mar 17, 2024.
             Was a Follower of Yredelemnul.
             Mangled by a very large slime creature (46 damage)
             ... in an ice cave on Mar 18, 2024.
             The game lasted 00:14:49 (11195 turns).

Amplified the Warrior (Minotaur Fighter)           Turns: 11195, Time: 00:14:50

Health: -8/121     AC: 13    Str: 26    XL:     12   Next: 29%
Magic:  18/18      EV: 10    Int:  5    God:    Yredelemnul [*.....]
Gold:   813        SH: 10    Dex: 16    Spells: 11/11 levels left

rFire   + . .        B - +3 whip (elec)
rCold   . . .        c - +0 buckler
rNeg    . . .        F - +3 leather armour {rF+}
rPois   .            e - +2 hat {Will+}
rElec   .            H - +0 cloak
rCorr   .            (no gloves)
SInv    .            (no boots)
Will    +....        C - amulet of reflection
Stlth   +            q - +6 ring of dexterity
HPRegen 0.40/turn    A - +4 ring of protection
MPRegen 0.16/turn

%: reflection
@: mighty
A: horns 2, retaliatory headbutt
a: Renounce Religion, Recall Undead Harvest


You were in an ice cave.
You worshipped Yredelemnul.
Yredelemnul was aware of your devotion.
You visited 2 branches of the dungeon, and saw 13 of its levels.
You also visited: Bailey and Ice Cave.

You collected 930 gold pieces.
You spent 117 gold pieces at shops.

Inventory:

Hand Weapons
 a - a +0 flail of protection
 B - a +3 whip of electrocution (weapon)
Missiles
 d - a curare-tipped dart (quivered)
Armour
 b - a +0 scale mail
 c - a +0 buckler (worn)
 e - a +2 hat of willpower (worn)
 F - a +3 leather armour of fire resistance (worn)
 H - a +0 cloak (worn)
Jewellery
 g - a +6 ring of strength
 q - a +6 ring of dexterity (left hand)
 A - a +4 ring of protection (right hand)
 C - an amulet of reflection (around neck)
Wands
 o - a wand of paralysis (18)
 y - a wand of mindburst (19)
 L - a wand of iceblast (3)
 M - a wand of polymorph (7)
Scrolls
 i - 2 scrolls of vulnerability
 j - a scroll of summoning
 k - a scroll of teleportation
 x - 4 scrolls of fog
 D - 4 scrolls of blinking
Potions
 m - a potion of enlightenment {unknown}
 n - 3 potions of cancellation {unknown}
 p - a potion of resistance {unknown}
 r - a potion of haste
 s - a potion of lignification
 t - a potion of might
 u - 2 potions of ambrosia
 v - 3 potions of heal wounds {unknown}
 w - 2 potions of attraction {unknown}
 z - 2 potions of mutation {unknown}
 E - 3 potions of degeneration
 G - 2 potions of berserk rage {unknown}
 I - 3 potions of magic {unknown}
 J - 2 potions of brilliance
 K - 2 potions of curing


   Skills:
 * Level 15.3 Fighting
 * Level 14.9 Maces & Flails
 - Level 4.5 Armour
 - Level 5.3 Shields
 - Level 9.3 Invocations


You had 11 spell levels left.
You didn't know any spells.
Your spell library contained the following spells:

 Spells                   Type           Power      Damage    Failure   Level
 Slow                     Hex            0%         N/A       56%         1
 Ensorcelled Hibernation  Hex/Ice        0%         N/A       71%         2
 Mercury Vapours          Alch/Air       0%         N/A       71%         2
 Call Canine Familiar     Summ           0%         N/A       91%         3
 Fugue of the Fallen      Necr           0%         N/A       91%         3
 Hailstorm                Conj/Ice       0%         3d5       91%         3
 Inner Flame              Hex/Fire       0%         N/A       91%         3
 Mephitic Cloud           Conj/Alch/Air  0%         N/A       91%         3
 Sigil of Binding         Hex            0%         N/A       91%         3
 Summon Ice Beast         Ice/Summ       0%         N/A       91%         3
 Anguish                  Hex/Necr       0%         N/A       100%        4
 Dimensional Bullseye     Hex/Tloc       0%         N/A       100%        4
 Flame Wave               Conj/Fire      0%         2d4       100%        4
 Ignite Poison            Fire/Alch      0%         N/A       100%        4
 Olgreb's Toxic Radiance  Alch           0%         N/A       100%        4
 Freezing Cloud           Conj/Ice/Air   0%         6-21      100%        5
 Sculpt Simulacrum        Ice/Alch       0%         N/A       100%        6
 Ozocubu's Refrigeration  Ice            0%         4d7       100%        7
 Discord                  Hex            0%         N/A       100%        8


Dungeon Overview and Level Annotations

Branches:
Dungeon (12/15)            Temple (0/1) D:6            Lair (0/5) D:8
    Orc (1/2) D:10         Bailey (visited)           IceCv (1/1)

Altars:
Cheibriados
Fedhas
Gozag
Kikubaaqudgha
Nemelex Xobeh
Okawaru
Qazlal
Trog
Wu Jian
Yredelemnul

Shops:
D:6 [

Annotations:
D:8 3 runed translucent doors, Villent's ghost, novice DsBe
D:9 1 runed translucent door, Doomgape's ghost, novice MiFi
D:10 2 transporters, Pereza0's ghost, journeyman OpSu
Orc:1 3 runed translucent doors, mihai's ghost, journeyman MiFi


Innate Abilities, Weirdness & Mutations

You have a pair of horns on your head.
You reflexively headbutt those who attack you in melee.


Message History

Unknown command.
You whack the great orb of eyes simulacrum!
You headbutt the great orb of eyes simulacrum.
The great orb of eyes simulacrum is almost destroyed.
Unknown command.
You hit the great orb of eyes simulacrum.
The great orb of eyes simulacrum vaporises!
Unknown command.
You whack the glowing shapeshifter simulacrum!
The glowing shapeshifter simulacrum is moderately damaged.
Unknown command.
You barely miss the glowing shapeshifter simulacrum.
You headbutt the glowing shapeshifter simulacrum!!
The glowing shapeshifter simulacrum vaporises!
Unknown command.
You swap places.
What are your orders? t - Shout!
Orders for allies: a - Attack new target. r - Retreat! s - Stop attacking. g - Guard the area. f - Follow me.
Anything else - Cancel.
Retreat in which direction?
Press: ? - help, Dir - move target, f - you Fall back!
Your slime creature zombie hits the slime creature!
The slime creature hits your slime creature zombie!
Two slime creatures merge to form a large slime creature.
Your slime creature zombie hits the large slime creature.
Two slime creatures merge to form a very large slime creature.
Your slime creature zombie hits the very large slime creature!
The very large slime creature hits your slime creature zombie!!
Your slime creature zombie hits the very large slime creature!
You swap places.
The very large slime creature hits you!!!
You thrash the very large slime creature!!
The very large slime creature is moderately wounded.
The very large slime creature hits you!!!
You die...
Your body rises from the dead as a mindless zombie.

##.## ##.##
####...####
#.........####
...#####.....### .##
####....## ###...####
##..Z..## ######
##.@...## ####....###
###J...# #......J.J###
##.....#
....###.....###......#
..## ###.J...Z.....##
Z #.........###
###########


You could see a very large slime creature (ally target) and a friendly slime
creature zombie.

Vanquished Creatures
  3 two-headed ogres
  An orc knight (Bailey)
  2 cyclopes (D:12)
  An ice statue (IceCv)
  A gargoyle (D:10)
  4 kobold demonologists (D:11)
  2 rime drakes (Orc:1)
  A hornet (D:10)
  3 trolls
  A slime creature (IceCv)
  20 yaks
  A shadow (D:10)
  2 wyverns
  A wraith (D:10)
  A vampire (D:11)
  Eustachio (D:5)
  A basilisk (D:11)
  A warg (Orc:1)
  11 vampire mosquitoes
  2 great orb of eyes simulacra (IceCv)
  3 acid dragons
  2 water moccasins
  A sky beast (D:8)
  Duvessa (D:7)
  9 orc warriors
  2 black bears
  3 ogres
  4 centaurs
  3 phantoms
  A slime creature simulacrum (IceCv)
  4 kobold brigands
  7 bullfrogs
  A gnoll sergeant (D:8)
  2 glowing shapeshifter simulacra (IceCv)
  3 scorpions
  5 wights (D:8)
  Dowan (D:7)
  5 howler monkeys
  A bombardier beetle (D:3)
  2 hounds
  6 orc priests
  A sleepcap (D:5)
  2 iguanas
  9 orc wizards
  3 shapeshifter simulacra (IceCv)
  4 adders
  14 gnolls
  2 shadow imps
  3 white imps
  2 ribbon worms (D:3)
  40 orcs
  8 endoplasms
  4 giant cockroaches
  9 goblins
  6 hobgoblins
  14 jackals
  10 kobolds
  5 quokkas
  5 ball pythons
  10 bats
  4 frilled lizards
  5 rats
286 creatures vanquished.

Vanquished Creatures (collateral kills)
  An orc warlord (Orc:1)
  An orc sorcerer (Orc:1)
  3 yaks
  An orc warrior (Orc:1)
  A kobold brigand (D:8)
  A bullfrog (D:8)
  A howler monkey (D:3)
  An orc priest (D:8)
  An adder (D:3)
  4 orcs
  A kobold (D:8)
  2 rats (D:3)
18 creatures vanquished.

Vanquished Creatures (others)
  A cyclops zombie (D:12)
  2 yak zombies
  A black bear zombie (D:8)
  2 bullfrog zombies (D:8)
  A centaur zombie (D:9)
  An ogre zombie (Orc:1)
  An acid dragon zombie (D:12)
  2 howler monkey zombies
  An adder zombie (D:3)
  A spectral white imp (D:8)
  A spectral shadow imp (D:8)
  A bat zombie (D:3)
  5 gnoll zombies (D:8)
  A ball python zombie (D:3)
  A bombardier beetle zombie (D:3)
  2 endoplasm zombies (D:3)
  A hobgoblin zombie (D:3)
  2 jackal zombies (D:3)
  4 kobold zombies
  16 orc zombies
  3 rat zombies (D:3)
50 creatures vanquished.

Grand Total: 354 creatures vanquished

Notes
Turn   | Place    | Note
-------+----------+-------------------------------------------
     0 | D:1      | Amplified the Minotaur Fighter began the quest for the Orb.
     0 | D:1      | Reached XP level 1. HP: 19/19 MP: 0/0
   234 | D:1      | Reached XP level 2. HP: 27/27 MP: 1/1
   945 | D:2      | Reached skill level 4 in Fighting
  1006 | D:2      | Reached XP level 3. HP: 32/32 MP: 2/2
  1229 | D:2      | Found a faded altar of an unknown god.
  1233 | D:2      | Got Plato's Treatise on Maleficia
  1532 | D:2      | Prayed at the altar of an unknown god.
  1532 | D:2      | Became a worshipper of Yredelemnul the Dark
  1532 | D:2      | Reached * piety under Yredelemnul
  1729 | D:3      | Reached XP level 4. HP: 40/41 MP: 3/3
  1731 | D:3      | Reached skill level 1 in Invocations
  1767 | D:3      | Found an ancient bone altar of Kikubaaqudgha.
  1785 | D:3      | Reached XP level 5. HP: 46/47 MP: 4/4
  1870 | D:3      | Reached ** piety under Yredelemnul
  1990 | D:3      | Noticed a moth of wrath
  1993 | D:3      | Found a bloodstained altar of Trog.
  2193 | D:4      | Found a snail-covered altar of Cheibriados.
  2203 | D:4      | Noticed a phantom
  2213 | D:4      | Killed a phantom
  2214 | D:4      | Reached skill level 5 in Shields
  2255 | D:4      | Reached skill level 5 in Fighting
  2255 | D:4      | Reached XP level 6. HP: 51/56 MP: 6/6
  2731 | D:4      | Reached *** piety under Yredelemnul
  2970 | D:5      | Entered Level 5 of the Dungeon
  2986 | D:5      | Noticed a yak
  2986 | D:5      | Noticed a yak
  2988 | D:5      | Noticed a yak
  2999 | D:5      | Killed a yak
  3000 | D:5      | Reached skill level 5 in Maces & Flails
  3000 | D:5      | Reached XP level 7. HP: 55/62 MP: 6/8
  3002 | D:5      | Killed a yak
  3003 | D:5      | Reached skill level 6 in Fighting
  3006 | D:5      | Killed a yak
  3133 | D:5      | Reached XP level 8. HP: 71/71 MP: 10/10
  3150 | D:5      | Reached skill level 7 in Fighting
  3517 | D:5      | Noticed Eustachio
  3529 | D:5      | Killed Eustachio
  3545 | D:5      | Reached skill level 5 in Invocations
  3546 | D:5      | Reached **** piety under Yredelemnul
  3778 | D:6      | Reached skill level 8 in Fighting
  3984 | D:6      | Found Femegat's Antique Armour Shoppe.
  3992 | D:6      | Bought a cloak for 117 gold pieces
  4005 | D:6      | Found a staircase to the Ecumenical Temple.
  4273 | D:7      | Found a flagged portal.
  4307 | Bailey   | Entered a bailey
  4446 | Bailey   | Noticed an orc knight
  4455 | Bailey   | Killed an orc knight
  4456 | Bailey   | Reached skill level 9 in Fighting
  4456 | Bailey   | Reached XP level 9. HP: 83/83 MP: 12/12
  5291 | D:7      | Noticed Duvessa
  5291 | D:7      | Noticed Dowan
  5296 | D:7      | Killed Duvessa
  5305 | D:7      | Killed Dowan
  5461 | D:8      | Reached skill level 10 in Fighting
  5777 | D:8      | Reached XP level 10. HP: 48/94 MP: 14/14
  5782 | D:8      | Reached skill level 10 in Maces & Flails
  5816 | D:8      | Found a staircase to the Lair.
  6185 | D:8      | Reached skill level 11 in Fighting
  6389 | D:8      | Found an ornate altar of the Wu Jian Council.
  6455 | D:8      | Found a runed translucent gate.
  6456 | D:8      | Found a runed translucent gate.
  6457 | D:8      | Found a runed translucent gate.
  6467 | D:8      | Noticed Villent's ghost (novice DsBe)
  6506 | D:8      | Found a stormy altar of Qazlal.
  7065 | D:9      | Found a blossoming altar of Fedhas.
  7091 | D:9      | Found a runed translucent door.
  7091 | D:9      | Noticed Doomgape's ghost (novice MiFi)
  7503 | D:9      | Noticed a two-headed ogre
  7509 | D:9      | Killed a two-headed ogre
  7510 | D:9      | Reached skill level 12 in Fighting
  7514 | D:9      | Reached ***** piety under Yredelemnul
  7608 | D:9      | Got Perid's Compendium of Embers
  7717 | D:10     | Entered Level 10 of the Dungeon
  7774 | D:10     | Noticed a two-headed ogre
  7782 | D:10     | Killed a two-headed ogre
  7783 | D:10     | Reached XP level 11. HP: 104/104 MP: 17/17
  7821 | D:10     | Found a staircase to the Orcish Mines.
  8103 | D:11     | Noticed a two-headed ogre
  8374 | D:10     | Found a transporter.
  8429 | D:10     | Found a transporter.
  8430 | D:10     | Noticed Pereza0's ghost (journeyman OpSu)
  8550 | D:10     | Found a sparkling altar of Nemelex Xobeh.
  8550 | D:10     | Found an opulent altar of Gozag.
  8624 | D:10     | Reached skill level 13 in Fighting
  8836 | D:11     | Killed a two-headed ogre
  8979 | D:11     | Identified the +1 robe of the Hippogriff {rElec Regen+
                  | Stlth+}
  9135 | D:11     | You fall into a shaft and drop 1 floor!
  9548 | D:12     | Noticed a cyan ugly thing
  9550 | D:12     | Noticed a sun demon
  9917 | D:11     | Reached skill level 14 in Fighting
 10406 | Orc:1    | Entered Level 1 of the Orcish Mines
 10407 | Orc:1    | Identified a scroll of acquirement
 10411 | Orc:1    | Found a runed translucent gate.
 10411 | Orc:1    | Found a runed translucent gate.
 10411 | Orc:1    | Found an iron altar of Okawaru.
 10411 | Orc:1    | Found a runed translucent gate.
 10411 | Orc:1    | Noticed an orc knight
 10411 | Orc:1    | Noticed a tengu warrior
 10411 | Orc:1    | Noticed mihai's ghost (journeyman MiFi)
 10411 | Orc:1    | Noticed a naga warrior
 10411 | Orc:1    | Noticed a merfolk impaler
 10411 | Orc:1    | Noticed an orc knight
 10411 | Orc:1    | Noticed a minotaur
 10615 | Orc:1    | Noticed an orc knight
 10625 | Orc:1    | Reached XP level 12. HP: 107/118 MP: 18/18
 10695 | Orc:1    | Noticed an orc warlord
 10737 | Orc:1    | Killed an orc warlord
 10738 | Orc:1    | Reached skill level 15 in Fighting
 10862 | Orc:1    | Found a frozen archway.
 10873 | IceCv    | Entered an ice cave
 10874 | IceCv    | Acquired a +2 hat of willpower
 11195 | IceCv    | Mangled by a very large slime creature

Illustrated notes

Levels and vault maps discovered:
D:1:      pf_arrival_petrified_forest, layout_loops_ring, serial_park_tiny_1
D:2:      layout_basic, shapermc_ecumenical_altar_rom_forum, st_stairs_6
D:3:      layout_rooms, tgw_trog, mainiacjoe_overflow_brackets,
          minmay_crystal_water
D:4:      layout_basic, cheibriados_altar_1, minmay_close_crescents
D:5:      layout_basic, due_unseen_surprise, uniq_eustachio
D:6:      layout_basic, nicolae_overflow_hidden_temple,
          minmay_temple_entry_proselytizer, serial_shops, shop
D:7:      layout_cave_pods, enter_bailey_2, uniq_duvessa
D:8:      layout_loops_cross, mainiacjoe_overflow_big_doors,
          due_lair_maze_entry_diamond, gammafunk_ghost_necromancy,
          serial_bayou_lake_a
D:9:      layout_roguey, fedhas_altar_1, hellmonk_ghost_happy_afterlife
D:10:     layout_irregular_city, grunt_temple_overflow_opulence, david_orc_3,
          gammafunk_ghost_hive
D:11:     layout_loops_ring, chequers_serial_rivers_room_a
D:12:     layout_loops_corners
Orc:1:    layout_diamond_mine, portal_ice_cave_rime,
          gammafunk_ghost_fury_of_okawaru, led_sif_book
IceCv:    ice_cave_hellmonk_azure_passage

Skill      XL: |  1  2  3  4  5  6  7  8  9 10 11 12 |
---------------+-------------------------------------+-----
Shields        | 4 5 |  5.3
Maces & Flails | 3 4 5 6 8 9 11 14 | 14.9
Fighting       | 4 5 6 9 10 12 14 15 | 15.3
Armour         | 4 |  4.5
Invocations    | 1 2 3 4 6 7 9 |  9.3

Action                     |  1- 3 |  4- 6 |  7- 9 | 10-12 || total
---------------------------+-------+-------+-------+-------++-------
  Melee: Flail             |   116 |    62 |       |       ||   178
         Headbutt          |    14 |    13 |    37 |   115 ||   179
         Whip              |       |    23 |   226 |   495 ||   744
  Evoke: Wand              |       |       |     9 |     4 ||    13
    Use: Scroll            |     3 |     2 |     4 |    15 ||    24
         Potion            |       |     2 |     2 |     8 ||    12
   Stab: Distracted        |       |       |     2 |     2 ||     4
         Sleeping          |       |       |     2 |       ||     2
 Armour: Scale mail        |    94 |    49 |    17 |       ||   160
         Leather armour    |       |       |    83 |   163 ||   246
         Skin              |       |       |       |    25 ||    25
  Dodge: Dodged            |    56 |    31 |    68 |    91 ||   246
  Block: Buckler           |    30 |    26 |    96 |   146 ||   298
         Reflection        |       |       |     1 |    10 ||    11
